 Dungeon Crawl Stone Soup version 0.24.0-123-gd5b16e6ec5 (webtiles) character file.

Game seed: 2965413319990914005, levelgen mode: deterministic

4989 ReteAZ the Grappler (level 10, -4/88 HPs)
             Began as a Troll Fighter on Dec 24, 2019.
             Slain by an unseen horror (6 damage)
             ... on level 11 of the Dungeon.
             The game lasted 00:11:35 (7278 turns).

ReteAZ the Grappler (Troll Fighter)                 Turns: 7278, Time: 00:11:35

Health: -4/88      AC:  7    Str: 32    XL:     10   Next: 29%
Magic:  10/10      EV:  9    Int:  5    God:
Gold:   181        SH: 11    Dex: 11    Spells: 9/9 levels left

rFire    . . .     SeeInvis .     - Unarmed
rCold    . . .     Gourm    +   b - +0 shield
rNeg     . . .     Faith    .   c - +0 robe {MR+}
rPois    .         Spirit   .   (helmet restricted)
rElec    .         Reflect  .   h - +0 cloak
rCorr    .         Harm     .   (gloves unavailable)
MR       ++...                  (boots unavailable)
Stlth    +.........             (no amulet)
HPRegen  0.64/turn              A - +6 ring of strength
MPRegen  0.12/turn              z - ring of protection from magic

@: no status effects
A: large, unfitting armour, claws 3, fast metabolism 3, gourmand, high mp 1,
regeneration 1, shaggy fur 1, tough skin 3
a: no special abilities


You were on level 11 of the Dungeon.
You were not hungry.

You visited 2 branches of the dungeon, and saw 12 of its levels.

You collected 582 gold pieces.
You spent 401 gold pieces at shops.

Inventory:

Missiles
 u - 26 poisoned darts (quivered)
Armour
 a - a +0 robe
 b - a +0 shield (worn)
 c - a +0 robe of magic resistance (worn)
 h - a +0 cloak (worn)
Jewellery
 w - an uncursed ring of wizardry
 z - a ring of protection from magic (right claw)
 A - a +6 ring of strength (left claw)
 E - an uncursed amulet of harm
 F - an uncursed ring of fire
Wands
 k - a wand of disintegration (24)
 B - a wand of iceblast (18)
 D - a wand of enslavement (10)
Scrolls
 e - 9 scrolls of identify
 f - 8 scrolls of teleportation
 g - 2 scrolls of amnesia {unknown}
 j - 3 scrolls of immolation {unknown}
 l - 2 scrolls of blinking {unknown}
 n - a scroll of brand weapon {unknown}
 o - a scroll of noise {unknown}
 p - a scroll of enchant weapon {unknown}
 q - 7 scrolls of remove curse
 r - a scroll of random uselessness {unknown}
 s - a scroll of fog {unknown}
 t - 2 scrolls of holy word {unknown}
 y - 2 scrolls of fear {unknown}
 H - a scroll of enchant armour {unknown}
Potions
 i - 3 potions of curing
 m - 2 potions of brilliance
 v - 2 potions of invisibility {unknown}
 x - a potion of resistance {unknown}
 C - 3 potions of flight {unknown}
 G - a potion of lignification {unknown}
 I - a potion of mutation
Comestibles
 d - 9 rations


   Skills:
 - Level 2.4 Fighting
 - Level 2.4 Dodging
 - Level 6.0 Shields
 * Level 13.4 Unarmed Combat


You had 9 spell levels left.
You didn't know any spells.
Your spell library contained the following spells:

 Spells                   Type           Power        Failure   Level  Hunger
 Infusion                 Chrm           #...         71%         1    ##.....
 Sandblast                Erth           #.....       71%         1    ##.....
 Passwall                 Tmut/Erth      #.......     83%         2    ###....
 Shroud of Golubria       Chrm/Tloc      #.....       83%         2    ###....
 Song of Slaying          Chrm           #.......     83%         2    ###....
 Regeneration             Chrm/Necr      #.........   97%         3    ####...
 Spectral Weapon          Hex/Chrm       #.......     97%         3    ####...
 Spider Form              Tmut/Pois      #.........   97%         3    ####...
 Stone Arrow              Conj/Erth      #.....       97%         3    ####...
 Petrify                  Tmut/Erth      #.......     100%        4    #####..
 Lee's Rapid Deconstruct  Erth           #.........   100%        5    ######.
 Silence                  Hex/Air        #.........   100%        5    ######.
 Conjure Ball Lightning   Conj/Air       #.........   100%        6    #######
 Hydra Form               Tmut           #.........   100%        6    #######


Dungeon Overview and Level Annotations

Branches:
Dungeon (11/15)            Temple (1/1) D:6            Lair (0/6) D:11
    Orc (0/2) D:9

Altars:
Ashenzari
Cheibriados
Dithmenos
Elyvilon
Fedhas
Gozag
Hepliaklqana
Kikubaaqudgha
Makhleb
Nemelex Xobeh
Okawaru
Qazlal
Ru
Sif Muna
Trog
Uskayaw
Vehumet
Wu Jian
Xom
Yredelemnul
Zin
The Shining One

Shops:
D:9 *   D:10 *   D:11 *


Innate Abilities, Weirdness & Mutations

You are too large for most types of armour.
You have claws for hands.
Your metabolism is lightning-fast.
You like to eat raw meat.
Your natural rate of healing is unusually fast.
You are covered in fur. (AC +1)
You have extremely tough skin. (AC +3)
You have an increased reservoir of magic. (+10% MP)


Message History

You swing at nothing.
You miss something. You block something's attack.
You swing at nothing.
You block something's attack.
You swing at nothing.
Something hits you.
You swing at nothing.
Something hits you.
You swing at nothing.
Something hits you! Something hits you.
You miss something. Something hits you!
* * * LOW HITPOINT WARNING * * *
Something hits you!
* * * LOW HITPOINT WARNING * * *
You swing at nothing.
Something completely misses you. Something hits you.
* * * LOW HITPOINT WARNING * * *
You mangle something!! Something hits you.
* * * LOW HITPOINT WARNING * * *
Something hits you.
* * * LOW HITPOINT WARNING * * *
You miss something. Something hits you.
* * * LOW HITPOINT WARNING * * *
Something hits you.
You die...

* #...........,,,,,,,*,*
###....?...##*******,*,*
............# **,*,#*
##.%?..<....# *,,,..*
*#......#.#.# *,,P..*
##†#...##.#.## **,.∩..**
.............## *,.PPP.,*
...#..........####......,********
##.............{@.^.....,,,,,,,,,
..........#.?.######..##*********
.....######...# *,,* ##.#.# #...#
*,,* #.#.* #...#*****,,********
#,*,*****#....>,,,,,,,,,,,,,*
**,,,,,,,,...###****,,******,*
*,,,,,,,*.....,,,,,,,,* *,*
**,**,,,,,,,,,,,,,,,,,* *,*


There were no monsters in sight!

Vanquished Creatures
  Erica (D:8)
  A two-headed ogre (D:9)
  Grinder (D:5)
  A hippogriff (D:8)
  A centaur simulacrum (D:10)
  3 orc warriors
  2 black bears
  An ice beast (D:10)
  3 sky beasts
  A phantom (D:5)
  4 ogres
  5 centaurs
  3 bullfrogs
  3 scorpions
  2 howler monkeys
  A crimson imp (D:10)
  A bullfrog zombie (D:8)
  Crazy Yiuf (D:6)
  A centaur zombie (D:5)
  3 hounds
  A jelly (D:6)
  A centaur skeleton (D:8)
  4 orc priests
  2 bullfrog skeletons
  2 iguanas
  Terence (D:3)
  7 orc wizards
  4 worker ants
  A killer bee zombie (D:8)
  A hound zombie (D:5)
  7 adders
  3 shadow imps
  4 oozes
  2 worms
  2 dart slugs
  6 leopard geckos
  25 orcs
  4 giant cockroaches
  10 goblins
  13 hobgoblins
  15 jackals
  9 quokkas
  2 ball pythons
  A ball python skeleton (D:4)
  6 bats
  13 frilled lizards
  8 kobolds
  13 rats
206 creatures vanquished.

Notes
Turn   | Place    | Note
-------+----------+-------------------------------------------
     0 | D:1      | ReteAZ the Troll Fighter began the quest for the Orb.
     0 | D:1      | Reached XP level 1. HP: 22/22 MP: 0/0
   114 | D:1      | Reached XP level 2. HP: 23/29 MP: 1/1
   160 | D:1      | Reached skill level 3 in Unarmed Combat
   215 | D:1      | Reached XP level 3. HP: 35/36 MP: 2/2
   574 | D:2      | Reached XP level 4. HP: 44/44 MP: 3/3
   934 | D:2      | Reached skill level 4 in Unarmed Combat
  1107 | D:2      | Found a faded altar of an unknown god.
  1317 | D:3      | Noticed Terence
  1327 | D:3      | Killed Terence
  1327 | D:3      | Reached XP level 5. HP: 48/50 MP: 4/4
  1533 | D:3      | HP: 1/50 [worm (9)]
  1547 | D:3      | Reached skill level 5 in Unarmed Combat
  1727 | D:4      | Reached XP level 6. HP: 54/59 MP: 5/5
  1942 | D:4      | Reached skill level 6 in Unarmed Combat
  2021 | D:4      | Reached XP level 7. HP: 25/66 MP: 6/6
  2191 | D:5      | Entered Level 5 of the Dungeon
  2318 | D:5      | Noticed Grinder
  2344 | D:5      | Killed Grinder
  2344 | D:5      | Reached skill level 7 in Unarmed Combat
  2499 | D:5      | Reached skill level 5 in Shields
  2554 | D:5      | Identified the Collected Works on Shifting Flight
  2574 | D:5      | Reached skill level 8 in Unarmed Combat
  2574 | D:5      | Reached XP level 8. HP: 65/74 MP: 7/7
  3379 | D:6      | Found a staircase to the Ecumenical Temple.
  3407 | Temple   | Entered the Ecumenical Temple
  3675 | D:6      | Found a runed translucent door.
  3676 | D:6      | Noticed Crazy Yiuf
  3853 | D:6      | Killed Crazy Yiuf
  4092 | D:6      | Found a radiant altar of Vehumet.
  4113 | D:6      | Reached skill level 9 in Unarmed Combat
  5206 | D:8      | Reached skill level 10 in Unarmed Combat
  5206 | D:8      | Reached XP level 9. HP: 38/80 MP: 8/8
  5329 | D:8      | Noticed Erica
  5347 | D:8      | HP: 2/80 [something (6)]
  5348 | D:8      | Killed Erica
  5348 | D:8      | Reached skill level 11 in Unarmed Combat
  5451 | D:8      | Found a sacrificial altar of Ru.
  5783 | D:8      | Reached skill level 12 in Unarmed Combat
  5956 | D:9      | Found Wyttidghum's Changing Room.
  6010 | D:9      | Bought a potion of mutation for 80 gold pieces
  6010 | D:9      | Bought a potion of mutation for 80 gold pieces
  6010 | D:9      | Bought a potion of mutation for 80 gold pieces
  6040 | D:9      | Gained mutation: You are partially covered in thin metallic
                  | scales. (AC +2) [potion of mutation]
  6040 | D:9      | Gained mutation: You are resistant to electric shocks.
                  | (rElec) [potion of mutation]
  6041 | D:9      | Lost mutation: You are resistant to electric shocks.
                  | (rElec) [potion of mutation]
  6041 | D:9      | Gained mutation: Your system is resistant to poisons.
                  | (rPois) [potion of mutation]
  6041 | D:9      | Gained mutation: You are agile. (Dex +2) [potion of
                  | mutation]
  6042 | D:9      | Lost mutation: Your system is resistant to poisons. (rPois)
                  | [potion of mutation]
  6042 | D:9      | Lost mutation: You are agile. (Dex +2) [potion of mutation]
  6042 | D:9      | Lost mutation: You are partially covered in thin metallic
                  | scales. (AC +2) [potion of mutation]
  6042 | D:9      | Gained mutation: You have an increased reservoir of magic.
                  | (+10% MP) [potion of mutation]
  6042 | D:9      | Gained mutation: You tend to lose your temper in combat.
                  | [potion of mutation]
  6042 | D:9      | Gained mutation: You have large cloven feet. [potion of
                  | mutation]
  6043 | D:9      | Lost mutation: You tend to lose your temper in combat.
                  | [potion of mutation]
  6043 | D:9      | Lost mutation: You have large cloven feet. [potion of
                  | mutation]
  6043 | D:9      | Gained mutation: Your spells are a little easier to cast,
                  | but a little less powerful. [potion of mutation]
  6043 | D:9      | Lost mutation: Your spells are a little easier to cast, but
                  | a little less powerful. [potion of mutation]
  6194 | D:9      | Found a staircase to the Orcish Mines.
  6289 | D:9      | Noticed a two-headed ogre
  6298 | D:9      | Killed a two-headed ogre
  6298 | D:9      | Reached XP level 10. HP: 51/88 MP: 10/10
  6559 | D:10     | Entered Level 10 of the Dungeon
  6579 | D:10     | Reached skill level 13 in Unarmed Combat
  6990 | D:10     | Found Valur's General Store.
  6994 | D:10     | Bought a scroll of identify for 28 gold pieces
  6994 | D:10     | Bought a scroll of teleportation for 42 gold pieces
  6994 | D:10     | Bought a scroll of remove curse for 42 gold pieces
  6994 | D:10     | Bought a scroll of magic mapping for 49 gold pieces
  7259 | D:11     | Found Fugerucs's Assorted Antiques.
  7277 | D:11     | HP: 3/88 [something (5)]
  7278 | D:11     | Slain by an unseen horror

Levels and vault maps discovered:
D:1:      nicolae_arrival_memento_mori, layout_basic
D:2:      layout_basic, chequers_ecumenical_altar_lobes
D:3:      layout_rooms, kennysheep_big_empty_room, uniq_terence
D:4:      layout_rooms
D:5:      layout_layer_cave, first_ration, uniq_grinder
D:6:      layout_basic, minmay_temple_entry_ruins, basic_altar,
          uniq_crazy_yiuf_cottage
D:7:      layout_basic
D:8:      layout_basic, nicolae_ru_great_annihilating_truth, grunt_pizzeria,
          uniq_erica
D:9:      layout_long_grid, orc_0_dummy, statue_in_the_mist_lemuel,
          nicolae_transmutations_shop, serial_bayou_pond_a
D:10:     layout_small_grid, serial_shops, shop
D:11:     layout_loops_ring, dpeg_lair_monsters,
          portal_ice_cave_entry_pillars_2, serial_shops,
          nicolae_shop_overgrown_old_shop, hex_tiny
Temple:   kilobyte_greek_temple

Skill      XL: |  1  2  3  4  5  6  7  8  9 10 |
---------------+-------------------------------+-----
Unarmed Combat | 3 4 5 6 8 10 12 13 | 13.4
Shields        | 3 4 5 6 |  6.0
Fighting       | |  2.4
Dodging        | |  2.4

Action                   |  1- 3 |  4- 6 |  7- 9 | 10-12 || total
-------------------------+-------+-------+-------+-------++-------
Melee: Unarmed           |   111 |   204 |   334 |    43 ||   692
Throw: Dart              |       |       |       |     1 ||     1
Evoke: Wand              |       |     2 |       |       ||     2
  Use: Potion            |       |     6 |     8 |       ||    14
       Scroll            |       |       |       |     1 ||     1
 Stab: Sleeping          |       |       |     1 |     1 ||     2
       Invisible         |       |       |     1 |       ||     1
       Paralysed         |       |       |     1 |       ||     1
  Eat: Chunk             |    10 |    13 |    37 |     2 ||    62
       Ration            |       |       |     1 |       ||     1
Armor: Robe              |    46 |   100 |    75 |    15 ||   236
Dodge: Dodged            |    37 |    99 |   100 |     9 ||   245
Block: Shield            |    44 |   129 |   129 |    15 ||   317
